 Dungeon Crawl Stone Soup version 0.21.1-1-g345015fe64 (webtiles) character file.

12352 Lentor the Fencer (level 11, -3/104 HPs)
             Began as a Minotaur Berserker on June 9, 2018.
             Was a High Priest of Trog.
             Slain by a hog (8 damage)
             ... led by Kirke
             ... on level 12 of the Dungeon.
             The game lasted 00:27:45 (9846 turns).

Lentor the Fencer (Minotaur Berserker)              Turns: 9846, Time: 00:27:46

Health: -3/104     AC:  0    Str: 25    XL:     11   Next: 61%
Magic:  3/10       EV: 15    Int:  4    God:    Trog [*****.]
Gold:   723        SH:  0    Dex: 10    Spells: 10/10 levels left

rFire    . . .     SeeInvis .   (weapon currently unavailable)
rCold    . . .     Gourm    .   (shield currently unavailable)
rNeg     . . .     Faith    .   (armour currently unavailable)
rPois    .         Spirit   .   (helmet currently unavailable)
rElec    .         Reflect  .   (cloak currently unavailable)
rCorr    .         Harm     +   (gloves currently unavailable)
MR       .....                  (boots currently unavailable)
Stlth    +.........             d - amulet of harm
HPRegen  0.27/turn              (ring currently unavailable)
MPRegen  0.12/turn              (ring currently unavailable)

@: pig-form, berserk cooldown, slowed
A: small, (retaliatory headbutt), wild magic 1
a: Berserk, Trog's Hand, Brothers in Arms, Burn Spellbooks, Renounce Religion


You were on level 12 of the Dungeon.
You worshipped Trog.
Trog was extremely pleased with you.
You were near starving.
You were a filthy swine.
You visited 2 branches of the dungeon, and saw 13 of its levels.

You collected 723 gold pieces.

Inventory:

Hand Weapons
 D - a +9 antimagic great sword (melded)
Missiles
 t - 5 exploding tomahawks (quivered)
Armour
 g - a +1 crystal plate armour (melded)
 j - a +0 pair of gloves (melded)
 w - a +0 pair of boots (melded)
 y - a +2 hat (melded)
Jewellery
 d - an amulet of harm (around neck)
 k - an uncursed amulet of magic regeneration
 n - an uncursed ring of flight
 z - a ring of protection from fire (melded)
 A - a +1 ring of evasion (melded)
 G - an uncursed amulet of the gourmand
Wands
 C - a wand of enslavement (13)
Scrolls
 b - a scroll of immolation {unknown}
 h - 7 scrolls of remove curse
 m - 3 scrolls of fear
 q - 6 scrolls of teleportation
 r - 4 scrolls of magic mapping
 v - a scroll of enchant weapon
 B - a scroll of blinking
Potions
 a - 2 potions of lignification
 e - 5 potions of flight
 f - 5 potions of brilliance
 i - a potion of haste
 l - 7 potions of curing
 o - a potion of cancellation
 p - 2 potions of ambrosia
 s - a potion of invisibility
 x - 2 potions of heal wounds
 E - a potion of agility {unknown}
Comestibles
 c - 30 rations


   Skills:
 + Level 11.7 Fighting
 + Level 15.6 Long Blades
 + Level 10.2 Armour
 + Level 3.2 Dodging
 + Level 0.7 Stealth


You had 10 spell levels left.
You didn't know any spells.

Dungeon Overview and Level Annotations

Branches:
Dungeon (12/15)            Temple (1/1) D:6            Lair (0/6) D:8
    Orc (0/2) D:9

Altars:
Ashenzari
Cheibriados
Dithmenos
Elyvilon
Fedhas
Gozag
Hepliaklqana
Kikubaaqudgha
Makhleb
Nemelex Xobeh
Okawaru
Qazlal
Ru
Sif Muna
Trog
Uskayaw
Vehumet
Wu Jian
Xom
Yredelemnul
Zin
The Shining One

Shops:
D:9 ?

Annotations:
D:9 1 exclusion
D:12 Kirke


Innate Abilities, Weirdness & Mutations

((You reflexively headbutt those who attack you in melee.))
((You have a pair of horns on your head.))
((You have a beak for a mouth.))
Your spells are a little harder to cast, but a little more powerful.


Message History

* * * LOW HITPOINT WARNING * * *
The hog bites you!
* * * LOW HITPOINT WARNING * * *
The harpy claws you.
* * * LOW HITPOINT WARNING * * *
The harpy claws you.
* * * LOW HITPOINT WARNING * * *
The harpy screeches!
The harpy completely misses you. The harpy misses you.
The hog barely misses you.
It was a potion of heal wounds.
You feel much better.
The harpy screeches!
The harpy misses you. The harpy claws you!
* * * LOW HITPOINT WARNING * * *
The harpy claws you!
* * * LOW HITPOINT WARNING * * *
The harpy claws you.
* * * LOW HITPOINT WARNING * * *
The hog completely misses you. The hog bites you!
You die...

#..............#
#..............#
#......<.......#
##.
#..............#
...
#............<.#
##.#
##.......##...##
...
##......###..###.#
######.# #..H...#
.# #h.##.$# .#
#Hh##[.# #.H....##
######k##††..#...
.......uh.h......#
.######.....?#.###
#....?..##
#...........
#............#


You could see a green ugly thing, a lindwurm, 3 harpies and 3 hogs.

Vanquished Creatures
  Josephine (D:11)
  Erica (D:8)
  A two-headed ogre (D:9)
  An ugly thing (D:11)
  A deep elf mage (D:11)
  Joseph (D:9)
  A troll (D:11)
  A hornet (D:7)
  2 hippogriffs
  2 wyverns (D:8)
  Sigmund (D:6)
  3 wraiths
  A steam dragon (D:9)
  5 yaks (D:10)
  2 hogs (D:12)
  Menkaure (D:4)
  An acid dragon (D:8)
  A water moccasin (D:11)
  An ice beast (D:8)
  A black bear (D:11)
  3 orc warriors (D:9)
  A phantom (D:9)
  An eye of draining (D:11)
  A necrophage (D:9)
  7 ogres
  3 sky beasts
  4 centaurs
  4 crocodiles
  2 big kobolds
  7 bullfrogs
  Blork the orc (D:6)
  A wyvern zombie (D:9)
  3 scorpions
  7 killer bees
  The ghost of shachar58 the Chopper, a weakling DsGl (D:3)
  2 centaur zombies
  7 crimson imps
  7 hounds
  7 jellies
  4 orc priests
  Crazy Yiuf (D:4)
  Jessica (D:2)
  5 iguanas
  13 orc wizards
  12 worker ants
  A hound zombie (D:6)
  Robin (D:3)
  A howler monkey skeleton (D:4)
  8 gnolls
  5 adders
  2 shadow imps
  6 oozes
  An adder skeleton (D:4)
  4 worms
  3 dart slugs
  3 leopard geckos
  66 orcs
  4 ball pythons
  7 giant cockroaches
  26 goblins
  22 hobgoblins
  11 jackals
  24 kobolds
  4 quokkas
  7 bats
  4 frilled lizards
  4 rats
348 creatures vanquished.

Vanquished Creatures (collateral kills)
  The ghost of Bapho the Severer, a journeyman HOBe of Trog (D:9)
  3 wraiths (D:11)
4 creatures vanquished.

Vanquished Creatures (others)
  A goblin (D:2)
  A fungus (D:4)
2 creatures vanquished.

Grand Total: 354 creatures vanquished

Notes
Turn   | Place    | Note
-------+----------+-------------------------------------------
     0 | D:1      | Lentor the Minotaur Berserker began the quest for the Orb.
     0 | D:1      | Reached XP level 1. HP: 19/19 MP: 0/0
   104 | D:1      | Reached XP level 2. HP: 19/27 MP: 1/1
   278 | D:1      | Reached skill level 4 in Long Blades
   624 | D:1      | Reached ** piety under Trog
   789 | D:1      | Reached XP level 3. HP: 20/34 MP: 2/2
  1625 | D:2      | Noticed Jessica
  1629 | D:2      | Killed Jessica
  1629 | D:2      | Reached XP level 4. HP: 41/41 MP: 3/3
  2319 | D:3      | Reached skill level 5 in Long Blades
  2368 | D:3      | Noticed a bullfrog
  2381 | D:3      | Killed a bullfrog
  2381 | D:3      | Reached skill level 5 in Fighting
  2381 | D:3      | Reached XP level 5. HP: 43/48 MP: 4/4
  2399 | D:3      | Reached *** piety under Trog
  2405 | D:3      | Noticed shachar58's ghost (weakling DsGl)
  2419 | D:3      | Killed shachar58's ghost
  2450 | D:3      | Noticed Robin
  2487 | D:3      | Killed Robin
  2487 | D:3      | Reached XP level 6. HP: 52/56 MP: 5/5
  2727 | D:4      | Noticed Menkaure
  2734 | D:4      | Killed Menkaure
  2734 | D:4      | Reached skill level 6 in Long Blades
  2835 | D:4      | Reached **** piety under Trog
  3004 | D:4      | Reached XP level 7. HP: 63/63 MP: 6/6
  3013 | D:4      | Reached skill level 7 in Long Blades
  3047 | D:4      | Found an ornate altar of the Wu Jian Council.
  3289 | D:4      | Found a hazy altar of Hepliaklqana.
  3366 | D:4      | Found a runed door.
  3370 | D:4      | Noticed Crazy Yiuf
  3374 | D:4      | Killed Crazy Yiuf
  3483 | D:5      | Entered Level 5 of the Dungeon
  3506 | D:5      | Found a glowing golden altar of the Shining One.
  3507 | D:5      | Found a radiant altar of Vehumet.
  3509 | D:5      | Found a white marble altar of Elyvilon.
  4016 | D:5      | Reached skill level 5 in Armour
  4465 | D:6      | Reached skill level 8 in Long Blades
  4604 | D:6      | Noticed Blork the orc
  4614 | D:6      | Killed Blork the orc
  4614 | D:6      | Reached XP level 8. HP: 67/71 MP: 7/7
  4684 | D:6      | Noticed Sigmund
  4710 | D:6      | Killed Sigmund
  4710 | D:6      | Reached skill level 9 in Long Blades
  4761 | D:6      | Found a staircase to the Ecumenical Temple.
  4767 | Temple   | Entered the Ecumenical Temple
  5398 | D:7      | Reached skill level 10 in Long Blades
  5490 | D:7      | Reached ***** piety under Trog
  5550 | D:7      | Noticed a hornet
  5566 | D:7      | Killed a hornet
  5566 | D:7      | Reached XP level 9. HP: 71/79 MP: 8/8
  5591 | D:7      | Found a glowing silver altar of Zin.
  6516 | D:8      | Reached skill level 11 in Long Blades
  6758 | D:8      | Found a staircase to the Lair.
  6843 | D:8      | Reached skill level 12 in Long Blades
  7078 | D:8      | Noticed Erica
  7079 | D:8      | Reached XP level 10. HP: 79/91 MP: 9/9
  7094 | D:8      | Killed Erica
  7741 | D:9      | Found Maxu's Magic Scroll Shop.
  7753 | D:9      | Noticed Joseph
  7766 | D:9      | Killed Joseph
  7766 | D:9      | Reached skill level 13 in Long Blades
  7833 | D:9      | Reached skill level 10 in Fighting
  7953 | D:9      | Noticed Bapho's ghost (journeyman HOBe)
  7964 | D:9      | Killed Bapho's ghost
  8217 | D:9      | Noticed a two-headed ogre
  8219 | D:9      | Reached skill level 14 in Long Blades
  8230 | D:9      | Killed a two-headed ogre
  8374 | D:9      | Reached XP level 11. HP: 90/101 MP: 10/10
  8384 | D:9      | Received a gift from Trog
  8412 | D:9      | Found a staircase to the Orcish Mines.
  8702 | D:10     | Entered Level 10 of the Dungeon
  9333 | D:11     | Reached ****** piety under Trog
  9464 | D:11     | Noticed Josephine
  9469 | D:11     | Killed Josephine
  9470 | D:11     | Reached skill level 15 in Long Blades
  9473 | D:11     | Received a gift from Trog
  9474 | D:11     | Reached skill level 10 in Armour
  9503 | D:11     | Noticed a deep elf mage
  9513 | D:11     | Killed a deep elf mage
  9596 | D:11     | Noticed a white ugly thing
  9607 | D:11     | Killed a white ugly thing
  9799 | D:12     | Gained mutation: Your spells are a little harder to cast, but a little more powerful. [potion of mutation]
  9799 | D:12     | Gained mutation: You have a beak for a mouth. [potion of mutation]
  9826 | D:12     | Noticed Kirke
  9829 | D:12     | Noticed a green ugly thing
  9834 | D:12     | Noticed a lindwurm
  9836 | D:12     | Noticed a harpy
  9836 | D:12     | Noticed a harpy
  9836 | D:12     | Noticed a harpy
  9846 | D:12     | HP: 5/104 [harpy[Kirke] (3)]
  9846 | D:12     | Slain by a hog

Skill      XL: |  1  2  3  4  5  6  7  8  9 10 11 |
---------------+----------------------------------+-----
Fighting       | 4 5 6 7 9 10 11 | 11.7
Long Blades    | 4 5 6 8 10 12 14 15 | 15.6
Armour         | 3 4 5 7 8 9 10 | 10.2
Dodging        | 3 |  3.2
Stealth        | |  0.7

Action                   |  1- 3 |  4- 6 |  7- 9 | 10-12 || total
-------------------------+-------+-------+-------+-------++-------
Melee: Falchion          |    65 |   178 |    15 |       ||   258
       Headbutt          |    11 |    32 |    70 |    65 ||   178
       Long sword        |       |       |   373 |   165 ||   538
       Great sword       |       |       |       |   116 ||   116
       Peck              |       |       |       |     5 ||     5
       Unarmed           |       |       |       |     1 ||     1
Invok: Berserk           |     1 |     3 |     3 |     5 ||    12
       Burn Spellbooks   |       |       |     1 |       ||     1
       Brothers in Arms  |       |       |       |     2 ||     2
  Use: Scroll            |       |     3 |     9 |    11 ||    23
       Potion            |       |       |     1 |     2 ||     3
  Eat: Chunk             |     2 |     7 |    17 |     7 ||    33
       Ration            |       |       |       |     2 ||     2
Armor: Animal skin       |     5 |       |       |       ||     5
       Leather armour    |     9 |       |       |       ||     9
       Crystal plate arm |       |   177 |   296 |   173 ||   646
Dodge: Dodged            |    58 |    46 |    87 |   103 ||   294
       Rpst.: Falchion   |    11 |    15 |       |       ||    26
       Long sword        |       |       |    22 |    14 ||    36
       Great sword       |       |       |       |    10 ||    10
